 Dungeon Crawl Stone Soup version 0.30-a0-1066-g63dfefce0d (webtiles) character file.

Game seed: 7380987727990569992

6538 killermortaccitua the Basher (level 10, -7/96 HPs)
             Began as a Minotaur Fighter on Apr 13, 2023.
             Mangled by a manticore (11 damage)
             ... on level 13 of the Dungeon.
             The game lasted 00:30:52 (3097 turns).

killermortaccitua the Basher (Minotaur Fighter)     Turns: 3097, Time: 00:30:54

Health: -7/96      AC: 12    Str: 32    XL:     10   Next: 70%
Magic:  9/9        EV: 12    Int:  5    God:
Gold:   206        SH:  6    Dex: 16    Spells: 9/9 levels left

rFire   + . .      SeeInvis .    x - staff of death "Miubbig" {rN+ Str+7 Stlth-}
rCold   . . .      Faith    .    c - +0 buckler
rNeg    + . .      Spirit   .    b - +1 scale mail
rPois   .          Reflect  .    (helmet restricted)
rElec   .          Rampage  .    (no cloak)
rCorr   .                        g - +0 pair of gloves
Will    .....                    (no boots) Stlth
                                 (no amulet)
HPRegen 1.16/turn                e - ring of wizardry
MPRegen 0.11/turn                d - +6 ring of dexterity

@: about to teleport
A: horns 2, retaliatory headbutt, iridescent scales 1, fire resistance 1,
regeneration 1, robust 1
a: no special abilities


You were on level 13 of the Dungeon.
You visited 1 branch of the dungeon, and saw 13 of its levels.

You collected 206 gold pieces.

Inventory:

Hand Weapons
 a - a +1 war axe
 f - a +0 sling
 p - a +1 flail of chaos
 q - a +1 falchion of holy wrath
 r - a +2 short sword of venom
 w - a +2 heavy spear
Missiles
 j - a throwing net (quivered)
 m - 19 stones
Armour
 b - a +1 scale mail (worn)
 c - a +0 buckler (worn)
 g - a +0 pair of gloves (worn)
 i - a +0 scale mail
 s - a +0 pair of gloves
 u - a +0 chain mail of fire resistance
Magical Staves
 x - the staff of death "Miubbig" (weapon) {rN+ Str+7 Stlth-}
   (You acquired it on level 10 of the Dungeon)

   [staff of death]

   Base accuracy: +5 Base damage: 5 Base attack delay: 1.2 This weapon's minimum
   attack delay (0.6) is reached at skill level 12.
   Str:       It affects your strength (+7).
   rN:        It protects you from negative energy.
   Stlth:     It makes you less stealthy.
   It falls into the 'Staves' category.
   It is a one-handed weapon.
Jewellery
 d - a +6 ring of dexterity (right hand)
 e - a ring of wizardry (left hand)
 v - a ring of poison resistance
 y - a ring of ice
Wands
 o - a wand of roots (12)
 t - a wand of acid (4)
Scrolls
 l - 4 scrolls of identify
Potions
 h - 2 potions of lignification
 n - a potion of magic
 A - a potion of flight
Miscellaneous
 k - a phantom mirror (inert)


   Skills:
 + Level 7.9 Fighting
 + Level 8.2(10.4) Axes
 + Level 10.0(11.4) Maces & Flails
 + Level 2.4(6.8) Staves
 + Level 8.6 Armour
 + Level 4.4 Dodging
 + Level 2.1 Stealth
 + Level 8.6 Shields
 + Level 1.8 Evocations


You had 9 spell levels left.
You didn't know any spells.
Your spell library contained the following spells:

 Spells                   Type           Power      Damage    Failure   Level
 Freeze                   Ice            0%         1d3       41%         1
 Blink                    Tloc           0%         N/A       54%         2
 Frozen Ramparts          Ice            0%         1d1       77%         3
 Hailstorm                Conj/Ice       0%         3d3       77%         3
 Ozocubu's Armour         Ice            0%         N/A       77%         3
 Vhi's Electric Charge    Tloc/Air       0%         N/A       77%         3
 Manifold Assault         Tloc           0%         N/A       98%         4
 Arcjolt                  Conj/Air       0%         1d10      100%        5
 Ozocubu's Refrigeration  Ice            0%         4d7       100%        7
 Storm Form               Tmut/Air       0%         N/A       100%        7
 Maxwell's Capacitive Co  Air            0%         ∞         100%        8


Dungeon Overview and Level Annotations

Branches:
Dungeon (13/15)               Orc (0/2) D:10
 Temple: D:4-7         Lair: D:8-11      Vaults: D:13-14

Altars:
Dithmenos
Elyvilon
Nemelex Xobeh
Okawaru
Sif Muna

Shops:
D:8 =

Portals:
Ice
Cave: D:12


Innate Abilities, Weirdness & Mutations

You have a pair of horns on your head.
You reflexively headbutt those who attack you in melee.
You are partially covered in iridescent scales. (AC +2)
Your flesh is heat resistant. (rF+)
Your natural rate of healing is unusually fast.
You are robust. (+10% HP)


Message History

The manticore is moderately wounded.
You hit the manticore but do no damage. You headbutt the manticore!
The manticore is heavily wounded.
The manticore bites you! You block the manticore's attack. x2
You hit the manticore but do no damage.
The manticore is heavily wounded.
You block the manticore's attack. x2; The manticore claws you.
You hit the manticore.
The manticore is severely wounded.
The manticore bites you. The manticore barely misses you.
The manticore completely misses you.
You hit the manticore.
The manticore is severely wounded.
You block the manticore's attack.
The manticore claws you but does no damage.
The manticore claws you.
You hit the manticore but do no damage.
The manticore is severely wounded.
The manticore barely misses you. The manticore claws you.
The manticore closely misses you.
You hit the manticore but do no damage.
The manticore is severely wounded.
The manticore bites you!
* * * LOW HITPOINT WARNING * * *
The manticore claws you!
* * * LOW HITPOINT WARNING * * *
You block the manticore's attack.
As you read the scroll of teleportation, it crumbles to dust.
You feel strangely unstable. The manticore bites you!
* * * LOW HITPOINT WARNING * * *
The manticore barely misses you.
The manticore claws you but does no damage.
Unknown command.
Aiming: Corrosive Bolt
Press: ? - help, Shift-Dir - straight line, f - manticore
Aim: a manticore (severely wounded, 83% to hit)
The bolt of acid hits the manticore!
The manticore is almost dead.
The manticore bites you!
You die...

#............
##.....#####
#....#.#
#.#####.# #.#
#.# ## #.#
#.#
#.########
#.@H......
#..#######
#..# #...
...## ###.#
#.# #..


You could see a manticore.

Vanquished Creatures
  2 two-headed ogres
  Joseph (D:9)
  2 rime drakes (D:12)
  A hornet (D:10)
  2 shadows (D:10)
  A wraith (D:6)
  2 wyverns (D:10)
  3 yaks (D:10)
  4 vampire mosquitoes (D:12)
  An acid dragon (D:9)
  5 orc warriors
  A black bear (D:8)
  An ice beast (D:8)
  A centaur (D:8)
  A phantom (D:10)
  2 kobold brigands
  2 gnoll sergeants
  3 scorpions
  3 troll zombies (D:10)
  5 killer bees (D:9)
  5 howler monkeys
  3 hounds
  3 orc priests
  An iguana (D:4)
  An orc wizard (D:10)
  4 ogre zombies (D:10)
  3 adders
  9 gnolls
  A worm (D:4)
  16 orcs
  A ball python (D:4)
  2 endoplasms
  3 giant cockroaches
  5 goblins
  2 hobgoblins
  6 jackals
  6 kobolds
  2 quokkas
  A bat (D:1)
  2 frilled lizards
  A goblin skeleton (D:10)
  5 goblin zombies (D:10)
  A hobgoblin skeleton (D:10)
  A hobgoblin zombie (D:10)
  An orc skeleton (D:10)
  14 orc zombies (D:10)
142 creatures vanquished.

Vanquished Creatures (collateral kills)
  2 yaks (D:10)
  An ogre zombie (D:10)
  A goblin skeleton (D:10)
  An orc zombie (D:10)
5 creatures vanquished.

Vanquished Creatures (others)
  6 fungi (D:10)
  3 plants (D:1)
9 creatures vanquished.

Grand Total: 156 creatures vanquished

Notes
Turn   | Place    | Note
-------+----------+-------------------------------------------
     0 | D:1      | killermortaccitua the Minotaur Fighter began the quest for
                  | the Orb.
     0 | D:1      | Reached XP level 1. HP: 19/19 MP: 0/0
    88 | D:1      | Gained mutation: You are dopey. (Int -2) [potion of
                  | mutation]
    88 | D:1      | Gained mutation: You are partially covered in large bone
                  | plates. (SH +4) [potion of mutation]
    98 | D:1      | Lost mutation: You are partially covered in large bone
                  | plates. (SH +4) [potion of mutation]
    98 | D:1      | Lost mutation: You are dopey. (Int -2) [potion of mutation]
    98 | D:1      | Gained mutation: You are partially covered in iridescent
                  | scales. (AC +2) [potion of mutation]
    98 | D:1      | Gained mutation: You are robust. (+10% HP) [potion of
                  | mutation]
    98 | D:1      | Gained mutation: Your flesh is heat resistant. (rF+)
                  | [potion of mutation]
    98 | D:1      | Gained mutation: Your natural rate of healing is unusually
                  | fast. [potion of mutation]
   383 | D:1      | Reached XP level 2. HP: 29/29 MP: 1/1
   637 | D:4      | Reached XP level 3. HP: 36/36 MP: 2/2
   645 | D:4      | Noticed a scorpion
   655 | D:4      | Killed a scorpion
   656 | D:4      | Reached XP level 4. HP: 35/44 MP: 3/3
   731 | D:4      | Reached skill level 1 in Dodging
   731 | D:4      | Reached XP level 5. HP: 50/50 MP: 4/4
   818 | D:5      | Entered Level 5 of the Dungeon
   978 | D:6      | Reached skill level 5 in Axes
  1112 | D:6      | Reached XP level 6. HP: 58/58 MP: 5/5
  1149 | D:6      | Found a sparkling altar of Nemelex Xobeh.
  1187 | D:6      | Reached skill level 5 in Shields
  1280 | D:6      | Reached XP level 7. HP: 66/66 MP: 6/6
  1301 | D:6      | Noticed a wraith
  1309 | D:6      | Killed a wraith
  1310 | D:6      | Reached skill level 5 in Armour
  1329 | D:6      | Found an iron altar of Okawaru.
  1329 | D:6      | Found a white marble altar of Elyvilon.
  1329 | D:6      | Found a shadowy altar of Dithmenos.
  1474 | D:8      | Reached skill level 5 in Fighting
  1474 | D:8      | Reached skill level 1 in Maces & Flails
  1516 | D:8      | Found Oruahon's Jewellery Shoppe.
  1520 | D:8      | Reached XP level 8. HP: 74/74 MP: 7/7
  1587 | D:8      | Reached skill level 2 in Maces & Flails
  1708 | D:9      | Noticed Joseph
  1733 | D:9      | Reached skill level 3 in Maces & Flails
  1749 | D:9      | Killed Joseph
  1750 | D:9      | Reached skill level 4 in Maces & Flails
  1802 | D:9      | Reached skill level 5 in Maces & Flails
  1969 | D:9      | Reached XP level 9. HP: 82/84 MP: 8/8
  2006 | D:9      | Noticed a two-headed ogre
  2052 | D:9      | Killed a two-headed ogre
  2053 | D:9      | Reached skill level 7 in Maces & Flails
  2131 | D:10     | Entered Level 10 of the Dungeon
  2196 | D:10     | Reached skill level 1 in Evocations
  2202 | D:10     | Reached skill level 8 in Maces & Flails
  2202 | D:10     | Reached skill level 1 in Stealth
  2338 | D:10     | Reached XP level 10. HP: 83/94 MP: 9/9
  2416 | D:10     | Reached skill level 9 in Maces & Flails
  2420 | D:10     | Found a staircase to the Orcish Mines.
  2592 | D:10     | Identified a scroll of acquirement
  2592 | D:10     | Acquired the staff of death "Miubbig" {rN+ Str+7 Stlth-}
  2600 | D:10     | Found a shimmering blue altar of Sif Muna.
  2965 | D:12     | Found a frozen archway.
  2990 | D:12     | Noticed a two-headed ogre
  3001 | D:12     | Killed a two-headed ogre
  3002 | D:12     | Reached skill level 1 in Staves
  3023 | D:12     | Reached skill level 10 in Maces & Flails
  3079 | D:13     | Noticed a manticore
  3096 | D:13     | HP: 2/96 [manticore (9)]
  3097 | D:13     | Mangled by a manticore

Illustrated notes

Levels and vault maps discovered:
D:1:      eino_arrival_water_cross, layout_basic
D:2:      layout_rooms, serial_shops, shop_scrolls, serial_curves,
          eino_curves_01, eino_curves_01, uniq_robin
D:3:      layout_basic, old_standard_altar, bloody_makhleb,
          portal_sewer_entry_b, minmay_distorted
D:4:      layout_loops_ring, lemuel_doored_altar, roderic_lattice_a
D:5:      layout_loops_corners, mainiacjoe_overflow_paths,
          serial_co_window_serial, co_window_corner_a, co_window_paths_b,
          co_window_cross_1, co_window_corner_a, co_window_corner_a,
          co_window_cross_2, co_window_corner_b, co_window_corner_cb,
          co_window_unsneaky_path_d, co_window_cross_3, glass_columns_c,
          glass_columns_c, glass_columns_a, uniq_grinder
D:6:      layout_loops_cross, kennysheep_little_box,
          nicolae_vehumet_altar_sigil, gammafunk_temple_overflow_claw,
          grunt_ministairs_9
D:7:      layout_basic, minmay_temple_entry_slanted
D:8:      layout_rooms, mainiacjoe_overflow_cross_hatched, david_lair_generic,
          serial_shops, nicolae_shop_temple_entry_statues_fountains
D:9:      layout_basic, minmay_misc_feat_hallway, uniq_joseph
D:10:     layout_loops_cross, nicolae_ashenzari_skybound,
          mainiacjoe_overflow_boulevard, nicolae_uskayaw_suspiria,
          zombieorc2_lemuel, st_stairs_13, columned_hall_lemuel,
          minmay_misc_feat_five
D:11:     nzn_winding_woodlands_large [nzn_winding_woodlands_5x5_default,
          nzn_winding_woodlands_5x15_default,
          nzn_winding_woodlands_5x5_open_star,
          nzn_winding_woodlands_center_garden,
          nzn_winding_woodlands_15x15_boxy_spiral,
          nzn_winding_woodlands_center_pierced_h,
          nzn_winding_woodlands_hourglass,
          nzn_winding_woodlands_5x15_split_checker,
          nzn_winding_woodlands_5x5_perimeter], layout_basic, serial_shops,
          nicolae_shop_crystal, minivault_21
D:12:     due_megacathedral, layout_basic, portal_ice_cave_rime
D:13:     minmay_tearing_corner, layout_loops_ring, david_vaults_4,
          corner_web_ring, minmay_joined_circles, uniq_nessos, uniq_frances,
          uniq_sonja

Skill      XL: |  1  2  3  4  5  6  7  8  9 10 |
---------------+-------------------------------+-----
Axes           | 3 4 5 6 8 |  8.2
Armour         | 4 5 6 8 |  8.6
Fighting       | 4 5 6 7 |  7.9
Shields        | 4 5 6 7 8 |  8.6
Dodging        | 1 2 3 4 |  4.4
Maces & Flails | 1 5 8 10 | 10.0
Evocations     | 1 |  1.8
Stealth        | 2 |  2.1
Staves         | 2 |  2.4

Action                     |  1- 3 |  4- 6 |  7- 9 | 10-12 || total
---------------------------+-------+-------+-------+-------++-------
  Melee: War axe           |    52 |    68 |    11 |       ||   131
         Headbutt          |    10 |     8 |    50 |    52 ||   120
         Flail             |       |       |   185 |    67 ||   252
         Staff             |       |       |       |    85 ||    85
  Evoke: Wand              |       |       |     5 |     3 ||     8
         Phantom mirror    |       |       |       |     1 ||     1
    Use: Scroll            |     5 |     3 |     2 |     6 ||    16
         Potion            |     4 |     4 |     6 |     2 ||    16
 Armour: Scale mail        |    24 |    36 |    82 |    93 ||   235
  Dodge: Dodged            |    22 |    51 |   101 |   106 ||   280
  Block: Buckler           |    12 |    26 |    75 |    91 ||   204

Table legend: (Time is in decaauts)
 A = Elapsed time spent in this place.
 B = Non-inter-level travel time spent in this place.
 C = Inter-level travel time spent in this place.
 D = Time resting spent in this place.
 E = Time spent auto-exploring this place.
 F = Levels seen in this place.
 G = Mean time per level.
                   A        B        C        D        E       F      G
               +--------+--------+--------+--------+--------+-----+--------+
         Total |   3151 |   1996 |   1155 |      0 |      0 |  13 |  242.4 |
       Dungeon |   3151 |   1996 |   1155 |      0 |      0 |  13 |  242.4 |
               +--------+--------+--------+--------+--------+-----+--------+

Top non-repeatable levels by time:
    D:10: 756 daAuts
     D:9: 539 daAuts
     D:6: 458 daAuts
     D:1: 457 daAuts
     D:4: 210 daAuts
     D:8: 179 daAuts
     D:5: 153 daAuts
     D:2: 128 daAuts
    D:11: 72 daAuts
    D:12: 71 daAuts
    D:13: 55 daAuts
     D:3: 46 daAuts
     D:7: 21 daAuts
